 Dungeon Crawl Stone Soup version 0.21-a0-71-g5e5ddd2 (webtiles) character file.

537 HAL9000 the Cudgeler (level 7, -1/67 HPs)
             Began as an Ogre Hunter on June 19, 2017.
             Killed from afar by Sigmund (5 damage)
             ... with a puff of flame
             ... on level 4 of the Dungeon.
             The game lasted 00:09:31 (4605 turns).

HAL9000 the Cudgeler (Ogre Hunter)                  Turns: 4605, Time: 00:09:32

Health: -1/67      AC:  4    Str: 18    XL:     7   Next: 25%
Magic:  7/7        EV: 10    Int: 14    God:
Gold:   110        SH:  0    Dex: 10    Spells: 6/6 levels left

rFire    . . .     SeeInvis .   H - +0 giant spiked club
rCold    . . .     Gourm    .   (shield currently unavailable)
rNeg     . . .     Faith    .   b - +0 robe
rPois    .         Spirit   .   (helmet restricted)
rElec    .         Reflect  .   v - +0 cloak {+Inv}
rCorr    .         Harm     .   (gloves unavailable)
MR       +....     Clarity  +   (boots unavailable)
Stlth    ..........             (no amulet)
HPRegen  0.21/turn              s - ring of loudness (curse)
MPRegen  0.10/turn              F - ring of protection from magic

@: no status effects
A: unfitting armour, clarity, clever 1, tough skin 1, wild magic 1
a: Evoke Invisibility


You were on level 4 of the Dungeon.
You were not hungry.

You visited 1 branch of the dungeon, and saw 4 of its levels.

You collected 110 gold pieces.

Inventory:

Hand Weapons
 E - a +0 flail
 H - a +0 giant spiked club (weapon)
Armour
 b - a +0 robe (worn)
 v - a +0 cloak of invisibility (worn)
Jewellery
 s - a cursed ring of loudness (left hand)
 F - a ring of protection from magic (right hand)
Scrolls
 i - a scroll of remove curse {unknown}
 j - 3 scrolls of recharging {unknown}
 l - 6 scrolls of identify {unknown}
 m - 3 scrolls of amnesia
 r - a scroll of random uselessness {unknown}
 y - a scroll of teleportation {unknown}
 B - a scroll of magic mapping {unknown}
Potions
 u - a potion of brilliance
 I - a potion of cancellation
Comestibles
 f - 2 bread rations
 n - 2 royal jellies
 o - 2 meat rations
 x - 7 fruits
 G - 3 chunks of flesh


   Skills:
 - Level 3.4 Fighting
 + Level 6.5 Maces & Flails
 - Level 4.0 Throwing
 - Level 1.7 Dodging
 - Level 0.6 Stealth


You had 6 spell levels left.
You didn't know any spells.

Dungeon Overview and Level Annotations

Branches:
Dungeon (4/15)
 Temple: D:4-7

Altars:
Ashenzari
Hepliaklqana
Uskayaw
Wu Jian
Xom

Annotations:
D:4 Sigmund


Innate Abilities, Weirdness & Mutations

You are too large for most types of armour.
You have tough skin. (AC +1)
You possess an exceptional clarity of mind.
Your mind is acute. (Int +2)
Your spells are a little harder to cast, but a little more powerful.


Message History

The puff of flame hits you!
You barely miss something. Something hits you.
You closely miss something. Something hits you but does no damage.
You barely miss something. Something hits you but does no damage.
You closely miss something. Something hits you!
* * * LOW HITPOINT WARNING * * *
You miss something. Something hits you.
* * * LOW HITPOINT WARNING * * *
You miss something. Something hits you.
* * * LOW HITPOINT WARNING * * *
You hit something. Something hits you.
* * * LOW HITPOINT WARNING * * *
It was a potion of mutation.
You feel extremely strange.
Your thoughts seem clearer.
You feel less in control of your magic.
You feel clever.
It was a potion of cancellation.
You feel magically purged.
You hear some strange, mumbled words.
A puff of flame appears from out of thin air!
The puff of flame hits you!
You die...

############# ..((..{@....#
...########.# ### #.# ##.##
#.########...# #.#...........
########### ######.#.######...#
..........#............#######.##
.###.####.##.#######.>#..........
.# #.# #.##.# #..#.######.#.


There were no monsters in sight!

Vanquished Creatures
  Menkaure (D:4)
  An ogre (D:4)
  A bullfrog (D:4)
  Crazy Yiuf (D:2)
  Jessica (D:2)
  2 orc wizards (D:3)
  5 adders
  3 gnolls (D:3)
  A worm (D:2)
  4 dart slugs
  5 leopard geckos
  8 orcs (D:3)
  3 giant cockroaches
  6 goblins
  5 hobgoblins
  2 jackals (D:1)
  A quokka (D:2)
  A ball python (D:2)
  9 bats
  5 frilled lizards
  8 kobolds
  A leopard gecko skeleton (D:4)
  6 rats
80 creatures vanquished.

Notes
Turn   | Place    | Note
-------+----------+-------------------------------------------
     0 | D:1      | HAL9000 the Ogre Hunter began the quest for the Orb.
     0 | D:1      | Reached XP level 1. HP: 22/22 MP: 1/1
   222 | D:1      | Reached XP level 2. HP: 29/31 MP: 2/2
   720 | D:1      | Reached skill level 1 in Maces & Flails
   813 | D:2      | Reached XP level 3. HP: 22/37 MP: 3/3
   911 | D:2      | Reached skill level 2 in Maces & Flails
  1288 | D:2      | Noticed Jessica
  1300 | D:2      | Killed Jessica
  1300 | D:2      | Reached skill level 3 in Maces & Flails
  1300 | D:2      | Reached XP level 4. HP: 22/45 MP: 4/4
  1480 | D:2      | Found a runed door.
  1484 | D:2      | Noticed Crazy Yiuf
  1501 | D:2      | Killed Crazy Yiuf
  1797 | D:2      | Found a hazy altar of Hepliaklqana.
  1798 | D:2      | Found a shimmering altar of Xom.
  1801 | D:2      | Noticed a spectral ugly thing
  1913 | D:2      | Reached XP level 5. HP: 28/53 MP: 5/5
  2314 | D:3      | Reached skill level 4 in Maces & Flails
  2593 | D:3      | Found a shattered altar of Ashenzari.
  2945 | D:3      | Reached XP level 6. HP: 7/61 MP: 6/6
  3515 | D:3      | Reached skill level 5 in Maces & Flails
  3892 | D:3      | Noticed a hand axe
  3892 | D:3      | Noticed a hand axe
  3899 | D:3      | Found a hide-covered altar of Uskayaw.
  4021 | D:4      | Found an ornate altar of the Wu Jian Council.
  4077 | D:4      | Noticed Menkaure
  4082 | D:4      | Killed Menkaure
  4396 | D:4      | Reached skill level 6 in Maces & Flails
  4396 | D:4      | Reached XP level 7. HP: 67/67 MP: 7/7
  4588 | D:4      | Noticed Sigmund
  4604 | D:4      | Gained mutation: You possess an exceptional clarity of mind. [potion of mutation]
  4604 | D:4      | Gained mutation: Your spells are a little harder to cast, but a little more powerful. [potion of mutation]
  4604 | D:4      | Gained mutation: Your mind is acute. (Int +2) [potion of mutation]
  4605 | D:4      | Killed from afar by Sigmund

Vault maps used:
D:1:      minmay_arrival_five_plusses
D:2:      regret_index_temple_of_mockery, uniq_crazy_yiuf_cottage, uniq_jessica
D:3:      lemuel_doored_altar, dancing_weapons_uskayaw
D:4:      chequers_temple_overflow_minitemple, overflow_temple_1_default,
          uniq_menkaure, uniq_sigmund

Skill      XL: |  1  2  3  4  5  6 |
---------------+-------------------+-----
Fighting       | 3 |  3.4
Maces & Flails | 1 3 4 6 |  6.5
Throwing       | |  4.0
Dodging        | |  1.7
Stealth        | |  0.6

Action                   |  1- 3 |  4- 6 |  7- 9 || total
-------------------------+-------+-------+-------++-------
Melee: Short sword       |    90 |    28 |       ||   118
       Mace              |       |   167 |     3 ||   170
       Giant spiked club |       |       |    14 ||    14
Throw: Large rock        |     4 |    13 |     2 ||    19
       Throwing net      |       |     3 |     1 ||     4
  Use: Potion            |     3 |     4 |     2 ||     9
       Scroll            |       |     1 |       ||     1
 Stab: Sleeping          |     1 |       |       ||     1
       Held in net/web   |       |     1 |       ||     1
  Eat: Chunk             |     1 |     9 |     2 ||    12
Armor: Robe              |    27 |    70 |     3 ||   100
       Skin              |       |    10 |       ||    10
Dodge: Dodged            |    57 |   113 |     4 ||   174
